| TOP OF THE 1ST |
|
Oklahoma State University Cowboys batting - Pitching for University of Illinois Fighting Illini : LHP Eric James
|
|
Pitching: LHP Eric James
|
|
|
Batting: RHB Frederik Koster
|
0-0: Called Strike 0-1: Ball 1-1: Ball 2-1: Swinging Strike 2-2: Ground out 5-3 (Groundball, 56, EV 107.5 MPH)
|
|
Batting: RHB Simon Gravitt
|
0-0: Called Strike 0-1: Ball 1-1: Called Strike 1-2: Ball 2-2: Strikes out looking
|
|
Batting: LHB Kyle David
|
0-0: Ball 1-0: Ball 2-0: Ball 3-0: Called Strike 3-1: Base on Balls
|
|
Batting: LHB Jeff Williams
|
0-0: Fly out, F6 (Popup, 56D, EV 48.8 MPH)
|
| Top of the 1st over - 0 runs, 0 hits, 0 errors, 1 left on base; Oklahoma State University 0 - University of Illinois 0 |
| BOTTOM OF THE 1ST |
|
University of Illinois Fighting Illini batting - Pitching for Oklahoma State University Cowboys : RHP Ryan Bethune
|
|
Pitching: RHP Ryan Bethune
|
|
|
Batting: SHB Ryan Marsh
|
0-0: Ball 1-0: Foul Ball, location: 2F 1-1: Ball 2-1: Fly out, F8 (Flyball, 8LD, EV 99.4 MPH)
|
|
Batting: RHB James Lewis
|
0-0: Called Strike 0-1: Ball 1-1: DOUBLE (Groundball, 5L, EV 101.2 MPH)
|
|
Batting: LHB Stuart Parker
|
0-0: Called Strike 0-1: Foul Ball, location: 2F 0-2: SINGLE (Groundball, 4MD, EV 102.5 MPH) James Lewis to third Runner from 3rd tries for Home, SAFE, throw by CF to home
|
|
Batting: RHB Matt Lapthorne
|
0-0: Ball 1-0: Ball 2-0: Grounds into double play, 6-4-3 (Groundball, 6S, EV 85.6 MPH)
|
| Bottom of the 1st over - 1 run, 2 hits, 0 errors, 0 left on base; Oklahoma State University 0 - University of Illinois 1 |
| TOP OF THE 2ND |
|
Oklahoma State University Cowboys batting - Pitching for University of Illinois Fighting Illini : LHP Eric James
|
|
Batting: RHB Magnus Laursen
|
0-0: Ball 1-0: Ball 2-0: Ball 3-0: Ground out 1-3 (Groundball, P, EV 70.6 MPH)
|
|
Batting: LHB Dwayne Roche
|
0-0: Swinging Strike 0-1: Ball 1-1: Fly out, F8 (Flyball, 8RD, EV 93.8 MPH)
|
|
Batting: RHB Rory Cardosi
|
0-0: Ball 1-0: Fly out, F8 (Flyball, 8LD, EV 96.9 MPH)
|
| Top of the 2nd over - 0 runs, 0 hits, 0 errors, 0 left on base; Oklahoma State University 0 - University of Illinois 1 |
| BOTTOM OF THE 2ND |
|
University of Illinois Fighting Illini batting - Pitching for Oklahoma State University Cowboys : RHP Ryan Bethune
|
|
Batting: RHB Lance Borgen
|
0-0: Foul Ball, location: 2F 0-1: Ball 1-1: Swinging Strike 1-2: Foul Ball, location: 2F 1-2: Ball 2-2: Ball 3-2: Base on Balls
|
|
Batting: RHB Omar Cruz
|
0-0: Called Strike 0-1: Ball 1-1: Ball 2-1: Foul Ball, location: 2F 2-2: Foul Ball, location: 2F 2-2: Ball 3-2: Foul Ball, location: 2F 3-2: Fielders Choice at 2nd, 3-6 (Groundball, 34, EV 92.5 MPH)
|
|
Batting: RHB Joe Kirschner
|
0-0: Called Strike 0-1: Ball 1-1: Foul Ball, location: 2F 1-2: Ball 2-2: Strikes out swinging
|
|
Batting: LHB Eddie Castro
|
0-0: Called Strike 0-1: Called Strike 0-2: Fly out, F7 (Flyball, 7, EV 89.4 MPH)
|
| Bottom of the 2nd over - 0 runs, 0 hits, 0 errors, 1 left on base; Oklahoma State University 0 - University of Illinois 1 |
| TOP OF THE 3RD |
|
Oklahoma State University Cowboys batting - Pitching for University of Illinois Fighting Illini : LHP Eric James
|
|
Batting: RHB Jose Lopez
|
0-0: Ball 1-0: Ball 2-0: Called Strike 2-1: Foul Ball, location: 2F 2-2: Ball 3-2: Base on Balls
|
|
Batting: LHB Steve Kimbler
|
0-0: Called Strike 0-1: Swinging Strike 0-2: Foul Ball, location: 2F 0-2: Ball 1-2: Strikes out swinging
|
|
Batting: RHB Frederik Koster
|
0-0: Ball 1-0: Ball Jose Lopez is caught stealing 2nd base 2-4 2-0: Called Strike 2-1: Ball 3-1: Ground out 1-3 (Groundball, 13S, EV 68.8 MPH)
|
| Top of the 3rd over - 0 runs, 0 hits, 0 errors, 0 left on base; Oklahoma State University 0 - University of Illinois 1 |
| BOTTOM OF THE 3RD |
|
University of Illinois Fighting Illini batting - Pitching for Oklahoma State University Cowboys : RHP Ryan Bethune
|
|
Batting: RHB Hector Flores
|
0-0: Called Strike 0-1: Swinging Strike 0-2: Ball 1-2: Strikes out looking
|
|
Batting: SHB Ryan Marsh
|
0-0: Foul Ball, location: 2F 0-1: Ball 1-1: Ball 2-1: Ground out 4-3 (Groundball, 34, EV 88.1 MPH)
|
|
Batting: RHB James Lewis
|
0-0: Called Strike 0-1: Called Strike 0-2: Ball 1-2: Ball 2-2: Foul Ball, location: 2F 2-2: Ball 3-2: Foul Ball, location: 2F 3-2: Fly out, F9 (Flyball, 89S, EV 96.2 MPH)
|
| Bottom of the 3rd over - 0 runs, 0 hits, 0 errors, 0 left on base; Oklahoma State University 0 - University of Illinois 1 |
| TOP OF THE 4TH |
|
Oklahoma State University Cowboys batting - Pitching for University of Illinois Fighting Illini : LHP Eric James
|
|
Batting: RHB Simon Gravitt
|
0-0: Ball 1-0: Ball 2-0: Foul Ball, location: 2F 2-1: SINGLE (Groundball, 34D, EV 106.2 MPH)
|
|
Pitching: LHP Arturo Majana
|
|
|
Batting: LHB Kyle David
|
0-0: Foul Ball, location: 2F 0-1: Swinging Strike 0-2: Ball 1-2: Ball 2-2: Ball 3-2: Foul Ball, location: 2F 3-2: Fielders Choice at 2nd, 5-4 (Groundball, 56, EV 80.6 MPH)
|
|
Batting: LHB Jeff Williams
|
0-0: Ball 1-0: Called Strike 1-1: Ball 2-1: Ball 3-1: Foul Ball, location: 2F 3-2: Strikes out swinging
|
|
Batting: RHB Magnus Laursen
|
0-0: Ball 1-0: Foul Ball, location: 2F 1-1: Fielders Choice at 2nd, 6-4 (Groundball, 6MD, EV 107.5 MPH)
|
| Top of the 4th over - 0 runs, 1 hit, 0 errors, 1 left on base; Oklahoma State University 0 - University of Illinois 1 |
| BOTTOM OF THE 4TH |
|
University of Illinois Fighting Illini batting - Pitching for Oklahoma State University Cowboys : RHP Ryan Bethune
|
|
Batting: LHB Stuart Parker
|
0-0: Called Strike 0-1: Ground out 6-3 (Groundball, 6, EV 86.9 MPH)
|
|
Batting: RHB Matt Lapthorne
|
0-0: Foul Ball, location: 2F 0-1: Ball 1-1: Fly out, F4 (Popup, 4S, EV 73.1 MPH)
|
|
Batting: RHB Lance Borgen
|
0-0: Foul Ball, location: 2F 0-1: Ground out 1-3 (Groundball, 34S, EV 66.9 MPH)
|
| Bottom of the 4th over - 0 runs, 0 hits, 0 errors, 0 left on base; Oklahoma State University 0 - University of Illinois 1 |
| TOP OF THE 5TH |
|
Oklahoma State University Cowboys batting - Pitching for University of Illinois Fighting Illini : LHP Arturo Majana
|
|
Batting: LHB Dwayne Roche
|
0-0: Called Strike 0-1: Ball 1-1: Foul Ball, location: 2F 1-2: Ball 2-2: Foul Ball, location: 2F 2-2: Ground out 6-3 (Groundball, 4M, EV 100.6 MPH)
|
|
Batting: RHB Rory Cardosi
|
0-0: Ball 1-0: Ground out 6-3 (Groundball, 6, EV 81.2 MPH)
|
|
Batting: RHB Jose Lopez
|
0-0: Ball 1-0: Foul Ball, location: 2F 1-1: Foul Ball, location: 2F 1-2: Ball 2-2: Foul Ball, location: 2F 2-2: Fly out, F1 (Line Drive, P, EV 65.6 MPH)
|
| Top of the 5th over - 0 runs, 0 hits, 0 errors, 0 left on base; Oklahoma State University 0 - University of Illinois 1 |
| BOTTOM OF THE 5TH |
|
University of Illinois Fighting Illini batting - Pitching for Oklahoma State University Cowboys : RHP Ryan Bethune
|
|
Batting: RHB Omar Cruz
|
0-0: Ground out 5-3 (Groundball, 56, EV 90.6 MPH)
|
|
Batting: RHB Joe Kirschner
|
0-0: Ball 1-0: Called Strike 1-1: Ball 2-1: Foul Ball, location: 2F 2-2: Foul Ball, location: 2F 2-2: Foul Ball, location: 2F 2-2: Ball 3-2: Base on Balls
|
|
Batting: LHB Eddie Castro
|
0-0: Ball 1-0: Ball 2-0: Ball 3-0: Called Strike 3-1: Called Strike 3-2: Strikes out swinging
|
|
Batting: RHB Hector Flores
|
0-0: Foul Ball, location: 2F 0-1: Ball 1-1: Swinging Strike 1-2: Strikes out swinging
|
| Bottom of the 5th over - 0 runs, 0 hits, 0 errors, 1 left on base; Oklahoma State University 0 - University of Illinois 1 |
| TOP OF THE 6TH |
|
Oklahoma State University Cowboys batting - Pitching for University of Illinois Fighting Illini : LHP Arturo Majana
|
|
Pitching: RHP Damien Blot
|
|
|
Batting: LHB Steve Kimbler
|
0-0: Called Strike 0-1: Ball 1-1: Ball 2-1: Ball 3-1: Foul Ball, location: 2F 3-2: Base on Balls
|
|
Batting: RHB Frederik Koster
|
0-0: Sac Bunt to 3S - play at first, batter OUT! 3-4 Steve Kimbler to second
|
|
Batting: RHB Simon Gravitt
|
0-0: Ball 1-0: Ground out 3-1 (Groundball, 34S, EV 93.1 MPH) Steve Kimbler to third
|
|
Batting: LHB Kyle David
|
0-0: Ball 1-0: Foul Ball, location: 2F 1-1: Ball 2-1: SINGLE (Groundball, 13S, EV 73.1 MPH) (infield hit) Steve Kimbler scores
|
|
Batting: LHB Jeff Williams
|
0-0: Ball 1-0: Ball Passed Ball! Kyle David to second 2-0: Intentional Walk
|
|
Batting: RHB Magnus Laursen
|
0-0: Called Strike 0-1: DOUBLE (Line Drive, 7LS, EV 111.9 MPH) Kyle David scores Jeff Williams to third
|
|
Batting: LHB Dwayne Roche
|
0-0: Intentional Walk
|
|
Batting: RHB Rory Cardosi
|
0-0: Called Strike 0-1: Foul Ball, location: 2F 0-2: Ball 1-2: Ball 2-2: Foul Ball, location: 2F 2-2: Foul Ball, location: 2F 2-2: SINGLE (Groundball, 6MD, EV 102.5 MPH) Jeff Williams scores Magnus Laursen to third Dwayne Roche to second Runner from 3rd tries for Home, throw by CF and OUT! 8-2
|
| Top of the 6th over - 3 runs, 3 hits, 0 errors, 2 left on base; Oklahoma State University 3 - University of Illinois 1 |
| BOTTOM OF THE 6TH |
|
University of Illinois Fighting Illini batting - Pitching for Oklahoma State University Cowboys : RHP Ryan Bethune
|
|
Batting: SHB Ryan Marsh
|
0-0: Ball 1-0: Ball 2-0: Called Strike 2-1: Fly out, F7 (Flyball, 78M, EV 88.8 MPH)
|
|
Pitching: RHP Dallas White
|
|
|
Batting: RHB James Lewis
|
0-0: Foul Ball, location: 2F 0-1: Called Strike 0-2: Strikes out swinging
|
|
Pitching: RHP Mick Conner
|
|
|
Batting: LHB Stuart Parker
|
0-0: Called Strike 0-1: Foul Ball, location: 2F 0-2: Ball 1-2: Fly out, F8 (Flyball, 78M, EV 92.5 MPH)
|
| Bottom of the 6th over - 0 runs, 0 hits, 0 errors, 0 left on base; Oklahoma State University 3 - University of Illinois 1 |
| TOP OF THE 7TH |
|
Oklahoma State University Cowboys batting - Pitching for University of Illinois Fighting Illini : RHP Damien Blot
|
|
Pitching: RHP Bryan Schauman
|
|
|
Batting: RHB Jose Lopez
|
0-0: Ball 1-0: Called Strike 1-1: Foul Ball, location: 2F 1-2: Foul Ball, location: 2F 1-2: Ball 2-2: Ball 3-2: Foul Ball, location: 2F 3-2: Foul Ball, location: 2F 3-2: Hit by Pitch
|
|
Batting: LHB Steve Kimbler
|
0-0: Ball 1-0: Fly out, F9 (Line Drive, 9S, EV 90.0 MPH)
|
|
Batting: RHB Frederik Koster
|
0-0: Called Strike 0-1: Foul Ball, location: 2F 0-2: Ball 1-2: Ball 2-2: Ball 3-2: Ground out 6-3 (Groundball, 6, EV 83.8 MPH) Jose Lopez to second
|
|
Batting: RHB Simon Gravitt
|
0-0: Ball 1-0: Foul Ball, location: 2F 1-1: Foul Ball, location: 2F 1-2: DOUBLE (Line Drive, 7LM, EV 103.1 MPH) Jose Lopez scores
|
|
Batting: LHB Kyle David
|
0-0: Intentional Walk
|
|
Pitching: RHP Mo Teoh
|
|
|
Batting: LHB Jeff Williams
|
0-0: Called Strike 0-1: Ball 1-1: Ball 2-1: Foul Ball, location: 2F 2-2: 3-RUN HOME RUN (Flyball, 78XD, EV 107.5 MPH), Distance : 424 ft
|
|
Batting: RHB Magnus Laursen
|
0-0: Called Strike 0-1: Swinging Strike 0-2: Strikes out swinging
|
| Top of the 7th over - 4 runs, 2 hits, 0 errors, 0 left on base; Oklahoma State University 7 - University of Illinois 1 |
| BOTTOM OF THE 7TH |
|
University of Illinois Fighting Illini batting - Pitching for Oklahoma State University Cowboys : RHP Mick Conner
|
|
Batting: RHB Matt Lapthorne
|
0-0: SINGLE (Groundball, 5L, EV 101.9 MPH)
|
|
Batting: RHB Lance Borgen
|
0-0: Ball 1-0: Ball 2-0: Called Strike 2-1: Fly out, F8 (Flyball, 8LD, EV 93.8 MPH)
|
|
Batting: RHB Omar Cruz
|
0-0: Ball 1-0: Ball 2-0: Foul Ball, location: 2F 2-1: Ball 3-1: Foul Ball, location: 2F 3-2: Foul Ball, location: 2F 3-2: Ground out 5-3 (Groundball, 15, EV 80.6 MPH) Matt Lapthorne to second
|
|
Batting: RHB Joe Kirschner
|
0-0: Ball 1-0: Called Strike 1-1: Called Strike 1-2: Foul Ball, location: 2F 1-2: Ball 2-2: Foul Ball, location: 2F 2-2: Ball 3-2: Foul Ball, location: 2F 3-2: Strikes out looking
|
| Bottom of the 7th over - 0 runs, 1 hit, 0 errors, 1 left on base; Oklahoma State University 7 - University of Illinois 1 |
| TOP OF THE 8TH |
|
Oklahoma State University Cowboys batting - Pitching for University of Illinois Fighting Illini : RHP Mo Teoh
|
|
Batting: LHB Dwayne Roche
|
0-0: Fly out, F9 (Line Drive, 89M, EV 108.8 MPH)
|
|
Batting: RHB Rory Cardosi
|
0-0: Called Strike 0-1: Called Strike 0-2: Ball 1-2: Strikes out swinging
|
|
Batting: RHB Jose Lopez
|
0-0: Ground out 6-3 (Groundball, 6, EV 103.1 MPH)
|
| Top of the 8th over - 0 runs, 0 hits, 0 errors, 0 left on base; Oklahoma State University 7 - University of Illinois 1 |
| BOTTOM OF THE 8TH |
|
University of Illinois Fighting Illini batting - Pitching for Oklahoma State University Cowboys : RHP Mick Conner
|
|
Pitching: RHP Rien Klinkenberg
|
|
|
Batting: LHB Eddie Castro
|
0-0: Ball 1-0: TRIPLE (Line Drive, 8LXD, EV 105.0 MPH)
|
|
Batting: RHB Hector Flores
|
0-0: Ball 1-0: Foul Ball, location: 2F 1-1: Ball 2-1: Fly out, F8 (Flyball, 8RD, EV 96.9 MPH) Runner from 3rd tags up, SCORES, throw by CF
|
|
Batting: SHB Ryan Marsh
|
0-0: Ball 1-0: Ball 2-0: Called Strike 2-1: Foul Ball, location: 2F 2-2: Foul Ball, location: 2F 2-2: Foul Ball, location: 2F 2-2: Ball 3-2: Foul Ball, location: 2F 3-2: Base on Balls
|
|
Pitching: RHP Santiago Lopez
|
|
|
Batting: RHB James Lewis
|
0-0: Fly out, F6 (Line Drive, 6, EV 73.1 MPH)
|
|
Batting: LHB Stuart Parker
|
0-0: Ball 1-0: Called Strike 1-1: Ball 2-1: DOUBLE (Line Drive, 9LM, EV 106.2 MPH) Ryan Marsh to third Runner from 3rd tries for Home, SAFE, throw by RF to trailing runner, SAFE at third!
|
|
Batting: RHB Matt Lapthorne
|
0-0: Ball 1-0: Called Strike 1-1: Ball 2-1: Foul Ball, location: 2F 2-2: Foul Ball, location: 2F 2-2: SINGLE (Line Drive, 78S, EV 92.5 MPH) Stuart Parker scores
|
|
Batting: RHB Lance Borgen
|
0-0: Ball 1-0: Fly out, F8 (Flyball, 8RXD, EV 101.9 MPH)
|
| Bottom of the 8th over - 3 runs, 3 hits, 0 errors, 1 left on base; Oklahoma State University 7 - University of Illinois 4 |
| TOP OF THE 9TH |
|
Oklahoma State University Cowboys batting - Pitching for University of Illinois Fighting Illini : RHP Mo Teoh
|
|
Pitching: RHP Ben Robinson
|
|
|
Batting: LHB Steve Kimbler
|
0-0: Ball 1-0: Foul Ball, location: 2F 1-1: Called Strike 1-2: Strikes out swinging
|
|
Batting: RHB Frederik Koster
|
0-0: Called Strike 0-1: Ball 1-1: Ball 2-1: SINGLE (Line Drive, 34D, EV 105.6 MPH)
|
|
Batting: RHB Simon Gravitt
|
0-0: Reached on error, E6 (Groundball, 6, EV 84.4 MPH) Frederik Koster to second
|
|
Batting: LHB Kyle David
|
0-0: Ball 1-0: Foul Ball, location: 2F 1-1: Foul Ball, location: 2F 1-2: Ball 2-2: SINGLE (Flyball, 78S, EV 85.0 MPH) Frederik Koster to third Simon Gravitt to second
|
|
Batting: LHB Jeff Williams
|
0-0: Ball 1-0: Ball 2-0: Called Strike 2-1: Ball 3-1: Swinging Strike 3-2: Base on Balls Frederik Koster scores Simon Gravitt to third Kyle David to second
|
|
Pitching: RHP Joe Seekatz
|
|
|
Batting: RHB Magnus Laursen
|
0-0: DOUBLE (Line Drive, 7LS, EV 91.2 MPH) Simon Gravitt scores Kyle David scores Jeff Williams to third
|
|
Batting: LHB Dwayne Roche
|
0-0: Ball 1-0: Foul Ball, location: 2F 1-1: SINGLE (Groundball, 4MD, EV 100.0 MPH) Jeff Williams scores Magnus Laursen to third Runner from 3rd tries for Home, SAFE, throw by CF to home Dwayne Roche to second
|
|
Pinch Hitting: RHB Bill Tremblett
|
0-0: Foul Ball, location: 2F 0-1: Called Strike 0-2: Ground out 5-3 (Groundball, 5, EV 105.6 MPH)
|
|
Batting: RHB Jose Lopez
|
0-0: Called Strike 0-1: Ball 1-1: Swinging Strike 1-2: Strikes out swinging
|
| Top of the 9th over - 5 runs, 4 hits, 1 error, 1 left on base; Oklahoma State University 12 - University of Illinois 4 |
| BOTTOM OF THE 9TH |
|
University of Illinois Fighting Illini batting - Pitching for Oklahoma State University Cowboys : RHP Santiago Lopez
|
|
Now at 2B: Bill Tremblett
|
|
|
Now at SS: Frederik Koster
|
|
|
Batting: RHB Omar Cruz
|
0-0: Foul Ball, location: 2F 0-1: Ground out 5-3 (Groundball, 5, EV 82.5 MPH)
|
|
Pinch Hitting: RHB Lynn Shere
|
0-0: Ball 1-0: Ball 2-0: Ball 3-0: Called Strike 3-1: Fly out, F7 (Flyball, 7, EV 86.2 MPH)
|
|
Batting: LHB Eddie Castro
|
0-0: Ball 1-0: Swinging Strike 1-1: Ball 2-1: Ball 3-1: Swinging Strike 3-2: Strikes out swinging
|
| Bottom of the 9th over - 0 runs, 0 hits, 0 errors, 0 left on base; Oklahoma State University 12 - University of Illinois 4 |
|